 Dungeon Crawl Stone Soup version 0.20.1-1-g8b1a95d (webtiles) character file.

19 dohliylev the Vexing (level 2, 0/19 HPs)
             Began as a Vampire Enchanter on Dec 13, 2017.
             Slain by an adder (1 damage)
             ... on level 2 of the Dungeon.
             The game lasted 00:02:48 (1419 turns).

dohliylev the Vexing (Vampire Enchanter)            Turns: 1419, Time: 00:02:48

Health: 0/19       AC:  2    Str:  7    XL:     2   Next: 55%
Magic:  0/5        EV: 12    Int: 17    God:
Gold:   110        SH:  0    Dex: 14    Spells: 2/5 levels left

rFire    . . .     SeeInvis +   a - +1 dagger
rCold    . . .     Gourm    .   (no shield)
rNeg     + . .     Faith    .   b - +0 robe
rPois    .         Spirit   .   (no helmet)
rElec    .         Reflect  .   (no cloak)
rCorr    .         Harm     .   (no gloves)
MR       .....                  (no boots)
Stlth    +++.......             (no amulet)
Regen    0.1/turn               (no ring)
MPRegen  0.1/turn               (no ring)

@: lethally poisoned (0 -> -6)
A: fangs 3, see invisible, unbreathing
a: no special abilities


You were on level 2 of the Dungeon.
You were not thirsty.

You visited 1 branch of the dungeon, and saw 2 of its levels.

You collected 110 gold pieces.

Inventory:

Hand Weapons
 a - a +1 dagger (weapon)
Armour
 b - a +0 robe (worn)
Jewellery
 h - an uncursed amulet of faith {unknown}
 n - an uncursed ring of protection from magic {unknown}
Scrolls
 e - 5 scrolls of identify {unknown}
 f - a scroll of enchant weapon {unknown}
 i - a scroll of teleportation {unknown}
 j - a scroll of magic mapping {unknown}
 k - a scroll of blinking {unknown}
 m - a scroll of fog {unknown}
 p - a scroll of remove curse {unknown}
Potions
 d - 6 potions of blood
 g - a potion of cancellation {unknown}
 l - a potion of mutation {unknown}
 o - a potion of curing {unknown}
 q - a potion of haste {unknown}
Books
 c - a book of Maledictions

   Spells                             Type                      Level
   a - Corona                         Hexes                        1
   b - Ensorcelled Hibernation        Hexes/Ice                    2
   c - Confuse                        Hexes                        3
   d - Tukima's Dance                 Hexes                        3
   e - Dazzling Spray                 Conjuration/Hexes            3


   Skills:
 - Level 1.1 Short Blades
 - Level 2.1 Dodging
 - Level 4.4 Stealth
 + Level 2.3 Spellcasting
 + Level 5.3 Hexes


You had 2 spell levels left.
You knew the following spells:

 Your Spells              Type           Power        Failure   Level  Hunger
a - Corona                Hex            ###....      1%          1    #......
b - Ensorcelled Hibernat  Hex/Ice        ##....       10%         2    ###....


Dungeon Overview and Level Annotations

Branches:
Dungeon (2/15)

Altars:


Innate Abilities, Weirdness & Mutations

You have razor-sharp teeth.
You have supernaturally acute eyesight. (SInv)
You can survive without breathing.


Message History

You barely miss the adder.
The adder is severely wounded.
The bat closely misses you. The bat hits you but does no damage.
The adder closely misses you. The adder bites you but does no damage.
You barely miss the adder.
The adder is severely wounded.
The bat closely misses you. The adder bites you.
You miss the adder.
The adder is severely wounded.
* * * LOW HITPOINT WARNING * * *
You feel sick. The bat hits you but does no damage. The adder bites you.
* * * LOW HITPOINT WARNING * * *
Casting: Corona
Confirm with . or Enter, or press ? or * to list all spells.
Aiming: Ensorcelled Hibernation
Press: ? - help, Shift-Dir - straight line, f/p - adder
Aim: an adder (severely wounded, chance to defeat MR: 50%)
The adder resists with some effort.
The bat hits you but does no damage. The adder bites you.
You die...

#♣. ####....
###....?♣ .♣ #
....###.# #.# .#
....##..# ♣.♣ #.
.......####.######.
.......(##..##.....
#.#####..#.....%b#
#### ..#
##........@#.....
### #.....#.$.S..#
......##..[.<....#
..#####.......#...#
..####.....######...
..........## #..#
...###.#..# ...
........##.# ♣#
..#.....# .#


You could see an adder and a bat.

Vanquished Creatures
  A leopard gecko (D:1)
  A giant cockroach (D:2)
  4 hobgoblins
  A bat (D:1)
  2 frilled lizards (D:1)
  3 goblins (D:1)
  2 kobolds (D:1)
  5 rats
19 creatures vanquished.

Notes
Turn   | Place    | Note
-------+----------+-------------------------------------------
     0 | D:1      | dohliylev the Vampire Enchanter began the quest for the Orb.
     0 | D:1      | Reached XP level 1. HP: 13/13 MP: 3/3
   695 | D:1      | Reached skill level 5 in Hexes
   695 | D:1      | Reached XP level 2. HP: 18/19 MP: 3/5
   700 | D:1      | Learned a level 2 spell: Ensorcelled Hibernation
  1419 | D:2      | Slain by an adder

Skill      XL: |  1 |
---------------+----+-----
Hexes          | 5 |  5.3
Short Blades   | |  1.1
Dodging        | |  2.1
Stealth        | |  4.4
Spellcasting   | |  2.3

Action                   || total
-------------------------++-------
Melee: Dagger            ||    64
       Bite              ||     5
 Cast: Corona            ||     7
       Ensorcelled Hiber ||     5
 Stab: Sleeping          ||     7
  Eat: Corpse            ||     6
Armor: Robe              ||    10
Dodge: Dodged            ||    41
